 Dungeon Crawl Stone Soup version 0.29.1-1-gd02db6906a (webtiles) character file.

Game seed: 12455855802183470418

2552 fireball365 the Protected (level 9, -5/81 HPs)
             Began as a Minotaur Fighter on Oct 16, 2022.
             Was a High Priest of Cheibriados.
             Slain by a gnoll
             ... wielding a +0 flail
             ... led by a gnoll bouda
              (8 damage)
             ... on level 7 of the Dungeon on Oct 17, 2022.
             The game lasted 00:28:39 (7421 turns).

fireball365 the Protected (Minotaur Fighter)        Turns: 7421, Time: 00:28:40

Health: -5/81      AC: 14    Str: 31 (32) XL:     9   Next: 31%
Magic:  8/8        EV: 11    Int: 22 (23) God:    Cheibriados [*****.]
Gold:   357        SH:  0    Dex: 24 (27) Spells: 8/8 levels left

rFire   + . .      SeeInvis .   s - +0 bardiche
rCold   . . .      Faith    .   (shield currently unavailable)
rNeg    . . .      Spirit   .   m - +0 chain mail
rPois   .          Reflect  .   (helmet restricted)
rElec   .          Harm     .   (no cloak)
rCorr   .          Rampage  .   w - +2 pair of gloves
Will    .....                   (no boots)
Stlth   ..........              (no amulet)
HPRegen 0.23/turn               o - ring of protection from fire
MPRegen 0.11/turn               F - +6 ring of intelligence

@: confused, mighty, very slow
A: horns 2, retaliatory headbutt
a: Renounce Religion, Bend Time, Temporal Distortion, Slouch, Step From Time


You were on level 7 of the Dungeon.
You worshipped Cheibriados.
Cheibriados was extremely pleased with you.
You visited 1 branch of the dungeon, and saw 7 of its levels.

You collected 357 gold pieces.

Inventory:

Hand Weapons
 s - a +0 bardiche (weapon)
 B - a +2 dire flail of protection
 G - a +5 scimitar
 I - a +0 halberd
Missiles
 i - 67 stones (quivered)
 k - 10 poisoned darts
 y - 9 boomerangs
Armour
 b - a +0 scale mail
 c - a +0 buckler
 m - a +0 chain mail (worn)
 w - a +2 pair of gloves (worn)
Magical Staves
 t - a staff of air
Jewellery
 o - a ring of protection from fire (left hand)
 F - a +6 ring of intelligence (right hand)
 H - a +6 ring of intelligence
Wands
 E - a wand of paralysis (12)
Scrolls
 e - 6 scrolls of identify
 f - 2 scrolls of poison {unknown}
 h - 2 scrolls of amnesia {unknown}
 l - a scroll of vulnerability {unknown}
 q - 3 scrolls of silence
 r - 2 scrolls of fear {unknown}
 u - 3 scrolls of teleportation
 x - a scroll of summoning {unknown}
 C - 2 scrolls of fog {unknown}
Potions
 a - a potion of haste {unknown}
 g - a potion of lignification
 j - 2 potions of attraction
 n - a potion of flight {unknown}
 p - a potion of curing {unknown}
 v - 2 potions of invisibility
 z - a potion of degeneration
 D - a potion of resistance {unknown}


   Skills:
 + Level 7.8 Fighting
 + Level 8.1(8.7) Axes
 + Level 3.2(6.1) Maces & Flails
 + Level 3.2(6.1) Polearms
 + Level 9.0 Armour
 + Level 2.5 Dodging
 + Level 1.2 Stealth
 + Level 5.3 Shields


You had 8 spell levels left.
You didn't know any spells.
Your spell library contained the following spells:

 Spells                   Type           Power      Damage    Failure   Level
 Sandblast                Erth           0%         2d4       54%         1
 Slow                     Hex            0%         N/A       54%         1
 Passwall                 Tmut/Erth      0%         N/A       69%         2
 Scorch                   Fire           0%         2d5       69%         2
 Sublimation of Blood     Necr           0%         N/A       69%         2
 Wereblood                Tmut           0%         N/A       69%         2
 Confusing Touch          Hex            0%         N/A       89%         3
 Frozen Ramparts          Ice            0%         1d1       89%         3
 Stone Arrow              Conj/Erth      0%         3d7       89%         3
 Vampiric Draining        Necr           0%         2d6       89%         3
 Flame Wave               Conj/Fire      0%         2d4       100%        4
 Ice Form                 Ice/Tmut       0%         N/A       100%        4
 Summon Ice Beast         Ice/Summ       0%         N/A       100%        4
 Summon Cactus Giant      Summ           0%         N/A       100%        6
 Summon Hydra             Summ           0%         N/A       100%        7


Dungeon Overview and Level Annotations

Branches:
Dungeon (7/15)             Temple (0/1) D:5

Altars:
Cheibriados
Sif Muna


Innate Abilities, Weirdness & Mutations

You have a pair of horns on your head.
You reflexively headbutt those who attack you in melee.


Message History

* * * LOW HITPOINT WARNING * * *
The gnoll hits you but does no damage.
You feel much better. The gnoll misses you. The gnoll hits you with a +0 flail.
Something hits you but does no damage.
The orc warrior hits you from afar with a +0 trident.
The gnoll closely misses you.
You barely miss the gnoll. The gnoll hits you but does no damage.
The gnoll hits you with a +0 flail.
You hear some strange, mumbled words.
You are confused.
The orc warrior hits you from afar with a +0 trident.
The gnoll hits you from afar with a +0 halberd!
* * * LOW HITPOINT WARNING * * *
The gnoll barely misses you. The gnoll hits you but does no damage.
The orc warrior hits you from afar with a +0 trident.
* * * LOW HITPOINT WARNING * * *
Something hits you but does no damage.
You are too confused!
You are too confused!
You feel very mighty all of a sudden. The gnoll barely misses you.
The gnoll hits you but does no damage. The gnoll barely misses you.
The orc warrior hits you from afar with a +0 trident.
* * * LOW HITPOINT WARNING * * *
Something hits you.
* * * LOW HITPOINT WARNING * * *
You bump into the stone wall.
An orc wizard appears from thin air!
Reactivating autopickup.
The gnoll closely misses you.
A gnoll bouda comes into view. It is wielding a +0 whip.
The gnoll closely misses you. The gnoll barely misses you.
The orc wizard barely misses you.
The orc warrior hits you from afar with a +0 trident.
* * * LOW HITPOINT WARNING * * *
You're too confused to move!
The gnoll bouda shouts!
The gnoll hits you from afar with a +0 halberd!
* * * LOW HITPOINT WARNING * * *
The gnoll hits you but does no damage. The gnoll hits you with a +0 flail!
You die...

###...#########........~~≈#
♣###..')..))..........~≈≈#
.. #>.#..)'...........~~~#
o..####...#............≈≈#
......#####......P.....~≈#
.....g.goPg....####....≈≈#
.gP..g{gog.....'..#....~≈#
.##+#...####g..#..#...~~≈#
#...#.@gog.####...≈≈≈#
#...#.o#g........~~≈≈#
#P..####.........~≈≈≈#
................~≈≈≈≈#
..~....~~........~≈≈≈≈#
~.~≈≈≈~≈≈..~~~g~.≈≈≈≈≈≈#
≈≈≈≈~~~≈≈≈≈≈≈≈≈≈≈≈≈#
≈≈≈≈~≈≈~≈≈≈≈≈≈≈≈≈≈≈#
####################


You could see an orc warrior, a gnoll bouda, an orc wizard and 4 gnolls.

Vanquished Creatures
  Edmund (D:6)
  An orc warrior (D:7)
  An ice beast (D:6)
  A black bear (D:5)
  A sky beast (D:7)
  3 ogres (D:7)
  A centaur (D:7)
  A phantom (D:5)
  A bullfrog (D:7)
  An elf skeleton (D:5)
  A necrophage (D:6)
  2 scorpions
  4 wights (D:7)
  2 human zombies (D:5)
  8 hounds
  3 gnoll boudas
  4 orc priests
  Jessica (D:3)
  Natasha (thrice) (D:2)
  Terence (D:3)
  3 human skeletons (D:5)
  3 iguanas (D:6)
  An orc wizard (D:5)
  7 gnolls
  14 adders
  A shadow imp (D:7)
  2 white imps (D:5)
  2 ufetubi (D:5)
  4 worms
  A dart slug (D:4)
  17 orcs
  5 bats
  6 endoplasms
  2 giant cockroaches
  5 goblins
  9 hobgoblins
  4 jackals
  6 kobolds
  6 quokkas
  5 ball pythons
  3 frilled lizards
  4 rats
151 creatures vanquished.

Vanquished Creatures (others)
  5 fungi (D:7)
  8 plants (D:7)
13 creatures vanquished.

Grand Total: 164 creatures vanquished

Notes
Turn   | Place    | Note
-------+----------+-------------------------------------------
     0 | D:1      | fireball365 the Minotaur Fighter began the quest for the
                  | Orb.
     0 | D:1      | Reached XP level 1. HP: 19/19 MP: 0/0
   450 | D:1      | Reached XP level 2. HP: 26/27 MP: 1/1
   954 | D:2      | Reached skill level 4 in Armour
  1120 | D:2      | Reached XP level 3. HP: 25/34 MP: 2/2
  1121 | D:2      | Found a faded altar of an unknown god.
  1130 | D:2      | Prayed at the altar of an unknown god.
  1130 | D:2      | Became a worshipper of Cheibriados the Contemplative
  1130 | D:2      | Reached * piety under Cheibriados
  1377 | D:2      | Reached XP level 4. HP: 41/41 MP: 3/3
  1469 | D:2      | Noticed Natasha
  1474 | D:2      | Killed Natasha
  1647 | D:2      | Noticed Natasha
  1654 | D:2      | Killed Natasha
  1655 | D:2      | Reached skill level 5 in Fighting
  1709 | D:2      | Noticed Natasha
  1713 | D:2      | Killed Natasha
  1714 | D:2      | Reached skill level 5 in Armour
  1714 | D:2      | Reached XP level 5. HP: 33/48 MP: 4/4
  1749 | D:3      | Noticed Jessica
  1972 | D:3      | Killed Jessica
  1998 | D:3      | Reached ** piety under Cheibriados
  2300 | D:3      | Noticed Terence
  2309 | D:3      | Killed Terence
  3437 | D:4      | Reached XP level 6. HP: 55/56 MP: 5/5
  3746 | D:4      | Reached *** piety under Cheibriados
  3788 | D:4      | Reached skill level 6 in Armour
  4051 | D:5      | Entered Level 5 of the Dungeon
  4111 | D:5      | Reached skill level 5 in Axes
  4119 | D:5      | Found a sand-covered staircase.
  4130 | D:5      | Reached skill level 1 in Dodging
  4130 | D:5      | Reached XP level 7. HP: 54/61 MP: 6/6
  4259 | D:5      | Found a staircase to the Ecumenical Temple.
  4412 | D:5      | Reached **** piety under Cheibriados
  4442 | D:5      | Reached skill level 7 in Armour
  4738 | D:5      | Found a shimmering blue altar of Sif Muna.
  4738 | D:5      | Found a snail-covered altar of Cheibriados.
  4862 | D:6      | Reached XP level 8. HP: 68/70 MP: 7/7
  5003 | D:6      | Reached skill level 5 in Shields
  5182 | D:6      | Noticed Edmund
  5197 | D:6      | Killed Edmund
  6127 | D:7      | Reached skill level 1 in Maces & Flails
  6183 | D:7      | Reached ***** piety under Cheibriados
  6342 | D:7      | Reached skill level 8 in Armour
  6345 | D:7      | HP: 2/66 [orc warrior/+0 war axe (9)]
  6355 | D:7      | Reached XP level 9. HP: 36/78 MP: 8/8
  6744 | D:7      | Reached skill level 1 in Polearms
  6744 | D:7      | Reached skill level 1 in Stealth
  7287 | D:7      | Reached skill level 9 in Armour
  7421 | D:7      | HP: 3/81 [gnoll/+0 halberd[a gnoll bouda] (12)]
  7421 | D:7      | Slain by a gnoll

Illustrated notes

Levels and vault maps discovered:
D:1:      dpeg_arrival_shelter, layout_loops_corners
D:2:      layout_basic, nicolae_ecumenical_snake_handling, uniq_natasha
D:3:      layout_basic, grunt_decor_arrowhead, uniq_terence, uniq_jessica
D:4:      layout_gridville
D:5:      layout_basic, gammafunk_temple_overflow_elements,
          minmay_temple_entry_ruins, nicolae_ossuary_entry_catacombs
D:6:      layout_basic, uniq_edmund
D:7:      kennysheep_seaside_town, layout_basic, uniq_joseph

Skill      XL: |  1  2  3  4  5  6  7  8  9 |
---------------+----------------------------+-----
Fighting       | 4 5 6 7 |  7.8
Shields        | 4 5 |  5.3
Armour         | 4 5 6 7 8 9 |  9.0
Axes           | 3 4 5 7 8 |  8.1
Dodging        | 1 2 |  2.5
Maces & Flails | 2 3 |  3.2
Polearms       | 3 |  3.2
Stealth        | 1 |  1.2

Action                   |  1- 3 |  4- 6 |  7- 9 || total
-------------------------+-------+-------+-------++-------
Melee: War axe           |    56 |   109 |    86 ||   251
       Headbutt          |    10 |    12 |    64 ||    86
       Dire flail        |       |       |    38 ||    38
       Bardiche          |       |       |    71 ||    71
Evoke: Wand              |       |       |     1 ||     1
  Use: Potion            |       |       |     7 ||     7
       Scroll            |       |       |     3 ||     3
 Stab: Paralysed         |       |       |     3 ||     3
       Invisible         |       |       |     1 ||     1
Armor: Scale mail        |    29 |    25 |       ||    54
       Chain mail        |       |    69 |   176 ||   245
       Skin              |       |       |     1 ||     1
Dodge: Dodged            |    25 |    78 |   157 ||   260
Block: Buckler           |    13 |    49 |    49 ||   111
